 Dungeon Crawl Stone Soup version 0.29.0-4-gdea44cf6ec (webtiles) character file.

Game seed: 11505068020755541250

9876 qw the Grappler (level 11, -6/104 HPs)
             Began as a Troll Cinder Acolyte on Sept 3, 2022.
             Was an Initiate of Okawaru.
             Mangled by a wyvern (13 damage)
             ... on level 9 of the Dungeon.
             The game lasted 00:05:11 (8009 turns).

qw the Grappler (Troll Cinder Acolyte)              Turns: 8009, Time: 00:05:11

Health: -6/104     AC:  7    Str: 28    XL:     11   Next: 28%
Magic:  11/11      EV:  8    Int: 10    God:    Okawaru [......]
Gold:   558        SH:  9    Dex:  5    Spells: 12/12 levels left

rFire   . . .      SeeInvis +     - Unarmed
rCold   . . .      Faith    .   m - +0 kite shield
rNeg    . . .      Spirit   .   a - +0 robe
rPois   +          Reflect  .   u - +2 hat
rElec   .          Harm     .   b - +0 cloak
rCorr   .          Rampage  .   (gloves unavailable)
Will    .....                   (boots unavailable)
Stlth   +.........              p - amulet of regeneration
HPRegen 1.87/turn               l - ring of see invisible
MPRegen 0.12/turn               h - ring of poison resistance

@: mesmerised, fire susceptible
A: large, unfitting armour, claws 3, regeneration 1, shaggy fur 1, tough skin 1
a: Renounce Religion


You were on level 9 of the Dungeon.
You worshipped Okawaru.
Okawaru was noncommittal.
You visited 1 branch of the dungeon, and saw 9 of its levels.
You also visited: Ossuary.

You collected 558 gold pieces.


Innate Abilities, Weirdness & Mutations

You are too large for most types of armour.
You have claws for hands.
Your natural rate of healing is unusually fast.
You are covered in fur. (AC +1)
You have tough skin. (AC +1)


   Skills:
 - Level 5.4 Fighting
 - Level 1.1 Throwing
 - Level 2.0 Armour
 - Level 1.2 Dodging
 + Level 9.6 Shields
 - Level 13.0 Unarmed Combat
 - Level 1.0 Spellcasting
 - Level 2.1 Fire Magic
 - Level 0.1 Invocations


You had 12 spell levels left.
You didn't know any spells.
Your spell library contained the following spells:

 Spells                   Type           Power      Damage    Failure   Level
 Scorch                   Fire           8%         2d5       36%         2

Inventory:

Armour
 a - a +0 robe (worn)
 b - a +0 cloak (worn)
 m - a +0 kite shield (worn)
 t - the +3 hat of Pondering {ponderous, Will+ MP+10 Int+5}
   (You took it off Gastronok on level 8 of the Dungeon)

   Int:       It affects your intelligence (+5).
   MP:        It affects your magic capacity (+10).
   Will:      It increases your willpower.
 u - a +2 hat (worn)
Jewellery
 h - a ring of poison resistance (right claw)
 l - a ring of see invisible (left claw)
 p - an amulet of regeneration (around neck)
 r - a ring of poison resistance
Scrolls
 c - a scroll of brand weapon
 k - 2 scrolls of enchant weapon
 o - a scroll of identify
Potions
 d - 4 potions of mutation
 e - 4 potions of curing
 f - a potion of might
 j - 2 potions of resistance
 n - a potion of cancellation
 q - a potion of haste

Dungeon Overview and Level Annotations

Branches:
Dungeon (9/15)             Temple (0/1) D:7         Ossuary (visited)
   Lair: D:8-11         Orc: D:9-12

Altars:
Elyvilon
Fedhas
Gozag
Hepliaklqana
Nemelex Xobeh
Okawaru
Sif Muna
Trog
Yredelemnul

Shops:
D:1 [=

Annotations:
D:4 1 runed translucent door, qw's ghost, amateur OgEn
D:5 3 runed translucent doors, qw's ghost, novice TrCA
D:9 Maggie


Message History

You scratch Maggie but do no damage.
Maggie is severely wounded.
The wyvern barely misses you.
Maggie zaps a wand.
The roots erupt in riotous growth!
The grasping roots grab you!
The wyvern is unaffected.
Maggie is unaffected.
The grasping roots constrict you. The wyvern bites you.
You hear a shout!
You scratch Maggie but do no damage.
Maggie is severely wounded.
The wyvern bites you. Maggie barely misses you.
The grasping roots constrict you!
You closely miss Maggie.
Maggie is severely wounded.
You block the wyvern's attack.
The grasping roots release their grip on you.
You completely miss Maggie.
Maggie is severely wounded.
The wyvern barely misses you.
Maggie hits you with a +4 war axe of flaming!
Maggie burns you. The wyvern closely misses you.
You scratch Maggie.
Maggie is severely wounded.
Maggie hits you with a +4 war axe of flaming.
Maggie burns you. You block the wyvern's attack.
You scratch Maggie.
Maggie is severely wounded.
The wyvern bites you! You block Maggie's attack.
You claw Maggie!
Maggie is almost dead.
The wyvern barely misses you. You block Maggie's attack.
You barely miss Maggie.
Maggie is almost dead.
You block the wyvern's attack. x2
Maggie gestures at you while chanting. The bolt of fire hits you!
You barely miss Maggie.
Maggie is almost dead.
The wyvern bites you!
You die...

#### ...# ##.# #.### #.
## ## #...# #.###. .#
#.#.#### #.....#.#
#...##.. ..#l..#
###.###.# #.##@## . # #.#
#.# ##.##@## ...
.##.###.####......#$....
..................'......
.##.###.##.#......#......
###.###.##.##.######.....
......[.##.##.# #....
.##.##........# #...
..##.###.#### #+#


You could see Maggie (mesmerising) and a wyvern.

Vanquished Creatures
  Gastronok (D:8)
  A soul eater (D:9)
  2 sixfirhies (D:9)
  Maurice (D:8)
  An orange demon (D:9)
  An ice devil (D:9)
  A red devil (D:9)
  A hornet (D:8)
  2 fire elementals (D:9)
  10 yaks (D:8)
  A steam dragon (D:6)
  An acid dragon (D:9)
  5 ice beasts
  2 orc warriors (D:6)
  A black bear (D:5)
  2 ogres (D:6)
  3 centaurs
  A phantom (D:4)
  3 bullfrogs
  2 elf zombies (Ossuary)
  A gnoll sergeant (D:9)
  5 scorpions
  3 necrophages
  10 wights
  4 killer bees (D:8)
  5 howler monkeys
  2 quasits (D:9)
  3 centaur zombies (Ossuary)
  2 gnoll boudas
  2 jellies (D:4)
  A human zombie (Ossuary)
  6 hounds
  2 orc priests (D:6)
  8 iguanas
  2 orc wizards
  2 mummies (Ossuary)
  Robin (D:4)
  18 gnolls
  7 adders
  3 shadow imps
  3 white imps
  2 ufetubi
  An adder zombie (Ossuary)
  4 worms
  2 dart slugs (D:4)
  19 orcs
  8 ball pythons
  8 endoplasms
  A giant cockroach (D:4)
  11 goblins
  6 hobgoblins
  7 jackals (D:1)
  4 quokkas
  7 bats
  4 frilled lizards
  9 hobgoblin zombies (Ossuary)
  A jackal zombie (Ossuary)
  9 kobolds
  11 kobold zombies (Ossuary)
  7 orc zombies (Ossuary)
  6 rats
  A rat zombie (Ossuary)
  A spectral orc (D:9)
261 creatures vanquished.

Notes
Turn   | Place    | Note
-------+----------+-------------------------------------------
     0 | D:1      | qw the Troll Cinder Acolyte began the quest for the Orb.
     0 | D:1      | Reached XP level 1. HP: 22/22 MP: 1/1
     0 | D:1      | 0 ||| qw: Version: 0.1-a-100-g36b9a1f
     0 | D:1      | 0 ||| qw: Game counter: 5056
     0 | D:1      | 0 ||| qw: Always use a shield: true
     0 | D:1      | 0 ||| qw: God list: Okawaru
     0 | D:1      | 0 ||| qw: Allow faded altars: false
     0 | D:1      | 0 ||| qw: Do Orc after D:15 true
     0 | D:1      | 0 ||| qw: Do second Lair branch before Depths: true
     0 | D:1      | 0 ||| qw: Lair rune preference: random
     0 | D:1      | 0 ||| qw: Plans: Normal
     0 | D:1      | 0 ||| PLANNING D:1-11
   158 | D:1      | 158 ||| Stepping ~*~*~tactically~*~*~ (stealth).
   165 | D:1      | Reached XP level 2. HP: 27/29 MP: 2/2
   205 | D:1      | Found Simiegut's Jewellery Emporium.
   206 | D:1      | 206 ||| Stepping ~*~*~tactically~*~*~ (stealth).
   224 | D:1      | 224 ||| SHOPLISTING +6 ring of dexterity (468 gold, have
                  | 16).
   224 | D:1      | 224 ||| SHOPLISTING ring "Okhid" {Int+6 Dex+3} (640 gold,
                  | have 16).
   224 | D:1      | 224 ||| SHOPLISTING ring of positive energy (260 gold, have
                  | 16).
   224 | D:1      | 224 ||| SHOPLISTING ring of protection from fire (325 gold,
                  | have 16).
   224 | D:1      | 224 ||| SHOPLISTING ring of willpower (325 gold, have 16).
   233 | D:1      | 233 ||| Stepping ~*~*~tactically~*~*~ (stealth).
   240 | D:1      | 240 ||| Stepping ~*~*~tactically~*~*~ (stealth).
   294 | D:1      | 294 ||| Stepping ~*~*~tactically~*~*~ (stealth).
   344 | D:1      | Reached skill level 4 in Unarmed Combat
   582 | D:1      | Found Riki's Armour Shop.
   661 | D:1      | Reached XP level 3. HP: 36/36 MP: 3/3
   668 | D:1      | 668 ||| READING scroll labelled SEMMIO FAWUWN.
   669 | D:1      | 669 ||| READING scroll labelled IPNUKL QONULLOUMMA.
   710 | D:2      | 710 ||| INVOKING Fiery Armour.
   759 | D:2      | 759 ||| Stepping ~*~*~tactically~*~*~ (stealth).
   888 | D:2      | Found a faded altar of an unknown god.
   914 | D:2      | 914 ||| Stepping ~*~*~tactically~*~*~ (stealth).
   918 | D:2      | 918 ||| Stepping ~*~*~tactically~*~*~ (stealth).
   919 | D:2      | 919 ||| Stepping ~*~*~tactically~*~*~ (stealth).
   959 | D:2      | Reached XP level 4. HP: 44/44 MP: 4/4
  1191 | D:2      | Reached skill level 5 in Unarmed Combat
  1302 | D:2      | 1302 ||| UPGRADING to ring of see invisible.
  1303 | D:2      | 1303 ||| READING scroll labelled MOOJUJ LUXO.
  1304 | D:2      | 1304 ||| READING scroll labelled KELLIASOCS.
  1305 | D:2      | 1305 ||| READING scroll labelled GYP VOEPUGUOTZ.
  1327 | D:2      | 1327 ||| DRINKING 2 viscous brown potions.
  1328 | D:2      | 1328 ||| DROPPING potion of attraction.
  1408 | D:3      | 1408 ||| Stepping ~*~*~tactically~*~*~ (stealth).
  1452 | D:3      | 1452 ||| Stepping ~*~*~tactically~*~*~ (outnumbered).
  1476 | D:3      | Found a sparkling altar of Nemelex Xobeh.
  1529 | D:3      | Found an iron altar of Okawaru.
  1530 | D:3      | 1530 ||| Stepping ~*~*~tactically~*~*~ (stealth).
  1649 | D:3      | Found a blossoming altar of Fedhas.
  1746 | D:3      | Found an opulent altar of Gozag.
  1975 | D:3      | Found a faded altar of an unknown god.
  1979 | D:3      | Found a hazy altar of Hepliaklqana.
  2017 | D:3      | 2017 ||| UPGRADING to +0 kite shield.
  2022 | D:3      | 2022 ||| READING scroll labelled GILOUT IBUB.
  2023 | D:3      | 2023 ||| READING scroll labelled KASTIXTE COFFU.
  2024 | D:3      | 2024 ||| DRINKING 3 smoky black potions.
  2025 | D:3      | 2025 ||| DRINKING 3 clear potions.
  2076 | D:4      | 2076 ||| PLANNING OSSUARY
  2084 | D:4      | You fall into a shaft and drop 3 floors!
  2094 | D:7      | Noticed an ice beast
  2106 | D:7      | Killed an ice beast
  2107 | D:7      | Reached XP level 5. HP: 32/50 MP: 5/5
  2126 | D:7      | Noticed an ice beast
  2128 | D:7      | 2128 ||| INVOKING Fiery Armour.
  2134 | D:7      | Killed an ice beast
  2135 | D:7      | Reached skill level 3 in Shields
  2135 | D:7      | Reached XP level 6. HP: 59/59 MP: 6/6
  2146 | D:7      | 2146 ||| Stepping ~*~*~tactically~*~*~ (outnumbered).
  2147 | D:7      | 2147 ||| Stepping ~*~*~tactically~*~*~ (outnumbered).
  2149 | D:7      | 2149 ||| Stepping ~*~*~tactically~*~*~ (outnumbered).
  2151 | D:7      | 2151 ||| Stepping ~*~*~tactically~*~*~ (outnumbered).
  2178 | D:6      | Noticed an ice beast
  2186 | D:6      | Killed an ice beast
  2187 | D:6      | Reached skill level 6 in Unarmed Combat
  2229 | D:6      | 2229 ||| UPGRADING to +0 cloak.
  2242 | D:5      | Entered Level 5 of the Dungeon
  2271 | D:4      | 2271 ||| Stepping ~*~*~tactically~*~*~ (hiding).
  2274 | D:4      | 2274 ||| Stepping ~*~*~tactically~*~*~ (outnumbered).
  2275 | D:4      | 2275 ||| INVOKING Fiery Armour.
  2276 | D:4      | 2276 ||| Stepping ~*~*~tactically~*~*~ (outnumbered).
  2277 | D:4      | 2277 ||| Stepping ~*~*~tactically~*~*~ (outnumbered).
  2278 | D:4      | 2278 ||| Stepping ~*~*~tactically~*~*~ (outnumbered).
  2279 | D:4      | 2279 ||| Stepping ~*~*~tactically~*~*~ (outnumbered).
  2323 | D:4      | Found a white marble altar of Elyvilon.
  2390 | D:4      | Noticed Robin
  2391 | D:4      | 2391 ||| Stepping ~*~*~tactically~*~*~ (hiding).
  2393 | D:4      | 2393 ||| Stepping ~*~*~tactically~*~*~ (hiding).
  2396 | D:4      | 2396 ||| Stepping ~*~*~tactically~*~*~ (stealth).
  2404 | D:4      | Killed Robin
  2405 | D:4      | Reached skill level 1 in Throwing
  2405 | D:4      | Reached XP level 7. HP: 66/66 MP: 7/7
  2429 | D:4      | Found a runed translucent door.
  2521 | D:4      | 2521 ||| Stepping ~*~*~tactically~*~*~ (stealth).
  2656 | D:4      | Found a sand-covered staircase.
  2657 | D:4      | 2657 ||| UPGRADING to amulet of regeneration.
  2662 | D:4      | 2662 ||| DRINKING 2 glowing dark potions.
  2663 | D:4      | 2663 ||| READING 3 scrolls of identify.
  2663 | D:4      | 2663 ||| IDENTIFYING yellow potion
  2664 | D:4      | 2664 ||| READING 2 scrolls of identify.
  2664 | D:4      | 2664 ||| IDENTIFYING puce potion
  2665 | D:4      | 2665 ||| DROPPING potion of flight.
  2673 | Ossuary  | Entered an ossuary
  2705 | Ossuary  | 2705 ||| Stepping ~*~*~tactically~*~*~ (outnumbered).
  2706 | Ossuary  | 2706 ||| Stepping ~*~*~tactically~*~*~ (outnumbered).
  2708 | Ossuary  | 2708 ||| Stepping ~*~*~tactically~*~*~ (outnumbered).
  2709 | Ossuary  | 2709 ||| Stepping ~*~*~tactically~*~*~ (outnumbered).
  2710 | Ossuary  | 2710 ||| Stepping ~*~*~tactically~*~*~ (outnumbered).
  2711 | Ossuary  | 2711 ||| Stepping ~*~*~tactically~*~*~ (outnumbered).
  2713 | Ossuary  | 2713 ||| Stepping ~*~*~tactically~*~*~ (outnumbered).
  2714 | Ossuary  | 2714 ||| Stepping ~*~*~tactically~*~*~ (outnumbered).
  2716 | Ossuary  | 2716 ||| Stepping ~*~*~tactically~*~*~ (outnumbered).
  2718 | Ossuary  | 2718 ||| Stepping ~*~*~tactically~*~*~ (outnumbered).
  2719 | Ossuary  | 2719 ||| Stepping ~*~*~tactically~*~*~ (outnumbered).
  2720 | Ossuary  | 2720 ||| Stepping ~*~*~tactically~*~*~ (outnumbered).
  2721 | Ossuary  | 2721 ||| Stepping ~*~*~tactically~*~*~ (outnumbered).
  2723 | Ossuary  | 2723 ||| Stepping ~*~*~tactically~*~*~ (outnumbered).
  2724 | Ossuary  | 2724 ||| Stepping ~*~*~tactically~*~*~ (outnumbered).
  2725 | Ossuary  | 2725 ||| Stepping ~*~*~tactically~*~*~ (outnumbered).
  2726 | Ossuary  | 2726 ||| Stepping ~*~*~tactically~*~*~ (outnumbered).
  2728 | Ossuary  | 2728 ||| Stepping ~*~*~tactically~*~*~ (outnumbered).
  2729 | Ossuary  | 2729 ||| Stepping ~*~*~tactically~*~*~ (outnumbered).
  2730 | Ossuary  | 2730 ||| Stepping ~*~*~tactically~*~*~ (outnumbered).
  2731 | Ossuary  | 2731 ||| Stepping ~*~*~tactically~*~*~ (outnumbered).
  2732 | Ossuary  | 2732 ||| INVOKING Fiery Armour.
  2733 | Ossuary  | 2733 ||| Stepping ~*~*~tactically~*~*~ (outnumbered).
  2734 | Ossuary  | 2734 ||| Stepping ~*~*~tactically~*~*~ (outnumbered).
  2735 | Ossuary  | 2735 ||| Stepping ~*~*~tactically~*~*~ (outnumbered).
  2757 | Ossuary  | 2757 ||| Stepping ~*~*~tactically~*~*~ (stealth).
  2773 | Ossuary  | 2773 ||| Stepping ~*~*~tactically~*~*~ (stealth).
  2843 | Ossuary  | 2843 ||| Stepping ~*~*~tactically~*~*~ (stealth).
  2844 | Ossuary  | 2844 ||| Stepping ~*~*~tactically~*~*~ (stealth).
  2887 | Ossuary  | Reached skill level 7 in Unarmed Combat
  2892 | Ossuary  | 2892 ||| INVOKING Fiery Armour.
  2944 | Ossuary  | 2944 ||| READING 2 scrolls labelled GUSHED VIENK.
  2945 | Ossuary  | 2945 ||| DRINKING 3 golden potions.
  2946 | Ossuary  | 2946 ||| READING 3 scrolls of identify.
  2946 | Ossuary  | 2946 ||| IDENTIFYING bubbling black potion
  2947 | Ossuary  | 2947 ||| READING 2 scrolls of identify.
  2947 | Ossuary  | 2947 ||| IDENTIFYING smoky puce potion
  2948 | Ossuary  | 2948 ||| DROPPING potion of berserk rage.
  2949 | Ossuary  | 2949 ||| DROPPING potion of lignification.
  2950 | Ossuary  | 2950 ||| DROPPING 2 potions of degeneration.
  2965 | D:4      | 2965 ||| PLANNING D:1-11
  3032 | D:4      | Noticed a yak
  3032 | D:4      | Noticed qw's ghost (amateur OgEn)
  3095 | D:4      | 3095 ||| Stepping randomly (stuck).
  3162 | D:5      | 3162 ||| Stepping ~*~*~tactically~*~*~ (stealth).
  3165 | D:5      | 3165 ||| Stepping ~*~*~tactically~*~*~ (stealth).
  3178 | D:5      | 3178 ||| DRINKING 3 potions of curing.
  3178 | D:5      | 3178 ||| (to cure confusion)
  3194 | D:5      | Reached XP level 8. HP: 74/74 MP: 8/8
  3258 | D:5      | Found a runed translucent gate.
  3262 | D:5      | Found a runed translucent gate.
  3262 | D:5      | Found a runed translucent gate.
  3262 | D:5      | Found an opulent altar of Gozag.
  3265 | D:5      | Noticed a two-headed ogre
  3266 | D:5      | Noticed qw's ghost (novice TrCA)
  3297 | D:5      | Reached skill level 6 in Shields
  3484 | D:5      | Reached skill level 8 in Unarmed Combat
  3586 | D:5      | 3586 ||| Stepping ~*~*~tactically~*~*~ (stealth).
  3600 | D:5      | Reached skill level 3 in Fighting
  3951 | D:5      | 3951 ||| READING 3 scrolls of identify.
  3951 | D:5      | 3951 ||| IDENTIFYING metallic green potion
  3952 | D:5      | 3952 ||| READING 2 scrolls of identify.
  3952 | D:5      | 3952 ||| IDENTIFYING silvery potion
  3953 | D:5      | 3953 ||| DROPPING potion of ambrosia.
  3954 | D:5      | 3954 ||| DROPPING potion of brilliance.
  4132 | D:6      | 4132 ||| Stepping ~*~*~tactically~*~*~ (stealth).
  4182 | D:6      | 4182 ||| Stepping ~*~*~tactically~*~*~ (hiding).
  4341 | D:6      | 4341 ||| Stepping ~*~*~tactically~*~*~ (stealth).
  4542 | D:6      | 4542 ||| Stepping ~*~*~tactically~*~*~ (hiding).
  4543 | D:6      | 4543 ||| Stepping ~*~*~tactically~*~*~ (hiding).
  4550 | D:6      | 4550 ||| INVOKING Fiery Armour.
  4552 | D:6      | Reached skill level 9 in Unarmed Combat
  4753 | D:6      | Found a shimmering blue altar of Sif Muna.
  4797 | D:6      | 4797 ||| INVOKING Fiery Armour.
  4805 | D:6      | 4805 ||| Stepping ~*~*~tactically~*~*~ (stealth).
  4806 | D:6      | 4806 ||| Stepping ~*~*~tactically~*~*~ (stealth).
  4807 | D:6      | 4807 ||| Stepping ~*~*~tactically~*~*~ (stealth).
  4820 | D:6      | Reached XP level 9. HP: 73/81 MP: 3/9
  4833 | D:6      | 4833 ||| Stepping ~*~*~tactically~*~*~ (stealth).
  4951 | D:6      | Found a bloodstained altar of Trog.
  5090 | D:6      | 5090 ||| Stepping ~*~*~tactically~*~*~ (hiding).
  5096 | D:6      | 5096 ||| Stepping ~*~*~tactically~*~*~ (outnumbered).
  5097 | D:6      | 5097 ||| Stepping ~*~*~tactically~*~*~ (outnumbered).
  5104 | D:6      | Reached skill level 1 in Dodging
  5141 | D:6      | 5141 ||| Stepping ~*~*~tactically~*~*~ (stealth).
  5146 | D:6      | 5146 ||| Stepping ~*~*~tactically~*~*~ (stealth).
  5148 | D:6      | 5148 ||| Stepping ~*~*~tactically~*~*~ (stealth).
  5171 | D:6      | 5171 ||| Stepping ~*~*~tactically~*~*~ (stealth).
  5185 | D:6      | 5185 ||| Stepping ~*~*~tactically~*~*~ (hiding).
  5188 | D:6      | 5188 ||| INVOKING Fiery Armour.
  5194 | D:6      | Reached skill level 10 in Unarmed Combat
  5398 | D:6      | 5398 ||| UPGRADING to ring of poison resistance.
  5399 | D:6      | 5399 ||| DROPPING ring of flight.
  5400 | D:6      | 5400 ||| READING scroll labelled NODDEULIBY.
  5405 | D:6      | 5405 ||| READING scroll labelled GYBIOKL QEBAESH.
  5406 | D:6      | 5406 ||| READING scroll labelled TAR JE ITE.
  5407 | D:6      | 5407 ||| DRINKING 2 red potions.
  5408 | D:6      | 5408 ||| READING 2 scrolls of identify.
  5408 | D:6      | 5408 ||| IDENTIFYING fizzy white potion
  5471 | D:7      | 5471 ||| INVOKING Fiery Armour.
  5679 | D:7      | 5679 ||| Stepping ~*~*~tactically~*~*~ (outnumbered).
  5847 | D:7      | 5847 ||| READING scroll labelled VEHOTE KIUSOARAI.
  5848 | D:7      | 5848 ||| READING scroll labelled COGAMI RERYKLI.
  5950 | D:8      | 5950 ||| INVOKING Fiery Armour.
  6003 | D:8      | 6003 ||| Stepping ~*~*~tactically~*~*~ (stealth).
  6029 | D:8      | 6029 ||| Stepping ~*~*~tactically~*~*~ (stealth).
  6070 | D:8      | Noticed Maurice
  6071 | D:8      | 6071 ||| Stepping ~*~*~tactically~*~*~ (hiding).
  6082 | D:8      | Killed Maurice
  6083 | D:8      | Reached XP level 10. HP: 91/92 MP: 10/10
  6125 | D:8      | Reached skill level 11 in Unarmed Combat
  6142 | D:8      | 6142 ||| INVOKING Fiery Armour.
  6143 | D:8      | 6143 ||| Stepping ~*~*~tactically~*~*~ (outnumbered).
  6150 | D:8      | 6150 ||| Stepping ~*~*~tactically~*~*~ (outnumbered).
  6267 | D:8      | Reached skill level 9 in Shields
  6451 | D:8      | Noticed Gastronok
  6452 | D:8      | 6452 ||| Stepping ~*~*~tactically~*~*~ (hiding).
  6456 | D:8      | 6456 ||| Stepping ~*~*~tactically~*~*~ (outnumbered).
  6458 | D:8      | 6458 ||| INVOKING Fiery Armour.
  6491 | D:8      | Killed Gastronok
  6492 | D:8      | Reached skill level 12 in Unarmed Combat
  6613 | D:8      | 6613 ||| Stepping ~*~*~tactically~*~*~ (hiding).
  6871 | D:8      | 6871 ||| UPGRADING to +2 hat.
  6876 | D:8      | 6876 ||| DRINKING 2 lumpy brown potions.
  6898 | D:7      | 6898 ||| READING scroll of teleportation.
  7085 | D:7      | Found a staircase to the Ecumenical Temple.
  7086 | D:7      | 7086 ||| Stepping randomly (stuck).
  7140 | D:9      | 7140 ||| Stepping ~*~*~tactically~*~*~ (stealth).
  7142 | D:9      | 7142 ||| Stepping ~*~*~tactically~*~*~ (stealth).
  7147 | D:9      | 7147 ||| Stepping ~*~*~tactically~*~*~ (outnumbered).
  7148 | D:9      | 7148 ||| Stepping ~*~*~tactically~*~*~ (outnumbered).
  7149 | D:9      | 7149 ||| Stepping ~*~*~tactically~*~*~ (outnumbered).
  7150 | D:9      | 7150 ||| Stepping ~*~*~tactically~*~*~ (outnumbered).
  7151 | D:9      | 7151 ||| Stepping ~*~*~tactically~*~*~ (outnumbered).
  7152 | D:9      | 7152 ||| Stepping ~*~*~tactically~*~*~ (outnumbered).
  7153 | D:9      | 7153 ||| Stepping ~*~*~tactically~*~*~ (outnumbered).
  7183 | D:9      | Found a basalt altar of Yredelemnul.
  7227 | D:9      | Noticed a sixfirhy
  7233 | D:9      | 7233 ||| INVOKING Fiery Armour.
  7237 | D:9      | HP: 21/90 [sixfirhy (3)]
  7237 | D:9      | HP: 9/90 [sixfirhy (12)]
  7238 | D:9      | 7238 ||| DRINKING 4 potions of heal wounds.
  7239 | D:9      | 7239 ||| DRINKING 3 potions of heal wounds.
  7242 | D:9      | Killed a sixfirhy
  7281 | D:9      | 7281 ||| PLANNING CONVERSION TO OKAWARU
  7293 | D:9      | Reached XP level 11. HP: 104/104 MP: 11/11
  7303 | D:9      | 7303 ||| Stepping ~*~*~tactically~*~*~ (hiding).
  7304 | D:9      | 7304 ||| Stepping ~*~*~tactically~*~*~ (hiding).
  7474 | D:3      | Fell from the grace of Ignis
  7474 | D:3      | Became a worshipper of Warmaster Okawaru
  7475 | D:3      | 7475 ||| PLANNING D:1-11
  7592 | D:9      | 7592 ||| STAIRDANCE
  7605 | D:9      | 7605 ||| STAIRDANCE
  7622 | D:9      | 7622 ||| STAIRDANCE
  7647 | D:9      | Reached skill level 13 in Unarmed Combat
  7691 | D:9      | Noticed a soul eater
  7692 | D:9      | 7692 ||| Stepping ~*~*~tactically~*~*~ (hiding).
  7708 | D:9      | HP: 21/95 [soul eater (6)]
  7709 | D:9      | 7709 ||| DRINKING 2 potions of heal wounds.
  7712 | D:9      | 7712 ||| DRINKING potion of heal wounds.
  7713 | D:9      | Killed a soul eater
  7713 | D:9      | HP: 20/92 [orange demon (2)]
  7717 | D:9      | HP: 8/99 [orange demon (4)]
  7718 | D:9      | HP: 3/99 [orange demon (7)]
  7787 | D:9      | Noticed a sixfirhy
  7794 | D:9      | HP: 19/101 [sixfirhy (10)]
  7794 | D:9      | HP: 8/101 [sixfirhy (11)]
  7795 | D:9      | Killed a sixfirhy
  7795 | D:9      | Reached * piety under Okawaru
  7796 | D:9      | 7796 ||| INVOKING Heroism.
  7865 | D:9      | 7865 ||| INVOKING Heroism.
  7870 | D:9      | HP: 22/104 [fire elemental[the fiery vengeance of Ignis]
                  | (12)]
  7988 | D:9      | Noticed Maggie
  7989 | D:9      | 7989 ||| Stepping ~*~*~tactically~*~*~ (hiding).
  7990 | D:9      | 7990 ||| Stepping ~*~*~tactically~*~*~ (hiding).
  7991 | D:9      | 7991 ||| Stepping ~*~*~tactically~*~*~ (hiding).
  7992 | D:9      | 7992 ||| Stepping ~*~*~tactically~*~*~ (hiding).
  8005 | D:9      | HP: 26/104 [Maggie/+4 war axe of flaming (4)]
  8008 | D:9      | HP: 5/104 [Maggie/bolt of fire (13)]
  8009 | D:9      | Mangled by a wyvern

Levels and vault maps discovered:
D:1:      erik_arrival_blinker_ship, layout_loops_ring, serial_shops, shop,
          nicolae_diamond_shop
D:2:      layout_loops_ring, hellmonk_ecumenical_altar_lost_god
D:3:      layout_basic, nicolae_overflow_hidden_temple,
          okawaru_ov_weapons_minmay, beargit_hepliaklqana_dungeon_heroes,
          mainiacjoe_overflow_alcove_2, mainiacjoe_overflow_alcove_1
D:4:      layout_cave_pools, mainiacjoe_overflow_six_doors_small,
          ebering_ghost_inner_flame, nicolae_ossuary_entry_plus, uniq_robin
D:5:      layout_loops_cross, ebering_ghost_gozag
D:6:      layout_loops_corners, trog_antimagical, tgw_sif, grunt_ministairs_5,
          grunt_decor_clamped, minmay_increasing_density
D:7:      layout_rooms, minmay_temple_entry_from_below_a
D:8:      layout_basic, uniq_gastronok, uniq_maurice
D:9:      layout_loops_corners, yredelemnul_forgotten_temple_becter,
          serial_demonic, serial_demonic_f, serial_demonic_f, serial_demonic_f,
          serial_demonic_e, serial_demonic_f, serial_demonic_c,
          serial_demonic_c, serial_demonic_a, serial_demonic_c,
          serial_demonic_f, chequers_serial_rivers_marsh, uniq_maggie

Skill      XL: |  1  2  3  4  5  6  7  8  9 10 11 |
---------------+----------------------------------+-----
Unarmed Combat | 4 5 6 7 9 10 12 13 | 13.0
Shields        | 2 3 4 5 6 8 9 |  9.6
Throwing       | 1 |  1.1
Fighting       | 3 4 5 |  5.4
Dodging        | 1 |  1.2
Armour         | 2 |  2.0
Spellcasting   | |  1.0
Fire Magic     | |  2.1
Invocations    | |  0.1

Action                   |  1- 3 |  4- 6 |  7- 9 | 10-12 || total
-------------------------+-------+-------+-------+-------++-------
Melee: Unarmed           |    95 |    89 |   359 |   212 ||   755
       Punch             |     3 |     1 |       |       ||     4
Throw: Boomerang         |    25 |    38 |    45 |     9 ||   117
Invok: Fiery Armour      |     1 |     2 |     7 |     3 ||    13
       Heroism           |       |       |       |     2 ||     2
  Use: Scroll            |     2 |     5 |    13 |     1 ||    21
       Potion            |       |     3 |     4 |     5 ||    12
Armor: Robe              |    35 |    37 |   105 |    50 ||   227
Dodge: Dodged            |    47 |    28 |    94 |    45 ||   214
Block: Kite shield       |       |    16 |   103 |    78 ||   197

Table legend:
 A = Non-vault XP
 B = Vault XP
 C = Vault XP percentage of total XP
 D = Non-vault monster count
 E = Vault monster count
 F = Vault count percentage of total count
                 A         B        C        D         E       F
            +---------+---------+-------+---------+---------+-------
      Total |    7037 |    7072 |  50.1 |     182 |      77 |  29.7
            +---------+---------+-------+---------+---------+-------
        D:1 |      41 |       0 |   0.0 |      26 |       0 |   0.0
        D:2 |      66 |       0 |   0.0 |      23 |       0 |   0.0
        D:3 |      51 |       3 |   5.6 |      13 |       1 |   7.1
        D:4 |     236 |      40 |  14.5 |      16 |      13 |  44.8
        D:5 |     668 |       0 |   0.0 |      16 |       0 |   0.0
        D:6 |     904 |    1148 |  55.9 |      21 |      14 |  40.0
        D:7 |    1107 |       0 |   0.0 |      18 |       0 |   0.0
        D:8 |    3080 |    1980 |  39.1 |      37 |       2 |   5.1
        D:9 |     884 |    3466 |  79.7 |      12 |       9 |  42.9
    Ossuary |       0 |     435 | 100.0 |       0 |      38 | 100.0
            +---------+---------+-------+---------+---------+-------
